 Dungeon Crawl Stone Soup version 0.22.3-3-g34f245f157 (webtiles) character file.

583 fullmetaloctopus the Skirmisher (level 7, -9/53 HPs)
             Began as an Octopode Chaos Knight on Oct 9, 2021.
             Killed by divine providence
             ... invoked by an orc priest
              (12 damage)
             ... on level 5 of the Dungeon.
             The game lasted 00:06:22 (4964 turns).

fullmetaloctopus the Skirmisher (OpCK)              Turns: 4964, Time: 00:06:22

Health: -9/53      AC:  1    Str:  9 (10) XL:     7   Next: 37%
Magic:  6/6        EV: 14    Int: 14 (15) God:    Xom [...*..]
Gold:   227        SH:  5    Dex: 12      Spells: 6/6 levels left

rFire    + . .     SeeInvis +   g - +0 short sword (curse)
rCold    . . .     Gourm    .   n - +0 buckler
rNeg     + . .     Faith    .   (helmet restricted)
rPois    .         Spirit   .   (no amulet)
rElec    .         Reflect  .   m - +2 ring of slaying
rCorr    .         Harm     .   j - ring of see invisible
MR       .....                  v - ring of positive energy
Stlth    ++........             F - ring of protection from fire
HPRegen  0.17/turn              (no ring)
MPRegen  0.10/turn              (no ring)
                                (no ring)
                                (no ring)

@: no status effects
A: almost no armour, stealthy swim, amphibious, 8 rings, constrict 8, camouflage
1, deterioration 1, low mp 1, screaming 2, weak 1, gelatinous body 1
a: Renounce Religion


You were on level 5 of the Dungeon.
You worshipped Xom.
You were a favourite toy of Xom.
You were hungry.

You visited 1 branch of the dungeon, and saw 5 of its levels.

You collected 227 gold pieces.

Inventory:

Hand Weapons
 a - a +0 spear of chaos
 e - a +0 trident
 g - a cursed +0 short sword (weapon)
 l - a +1 dagger of protection
 s - a +0 spear
 w - a +0 trident
 A - a +0 hand axe of freezing
 B - a +0 flail
 E - a +0 hunting sling
Missiles
 f - 28 poisoned needles
 k - 44 sling bullets
 y - 2 tomahawks (quivered)
Armour
 n - a +0 buckler (worn)
Jewellery
 j - a ring of see invisible (right tentacle)
 m - a +2 ring of slaying (left tentacle)
 v - a ring of positive energy (on tentacle)
 F - a ring of protection from fire (on tentacle)
Scrolls
 c - a scroll of blinking {@r4}
 h - 2 scrolls of teleportation {@r3}
 i - a scroll of magic mapping {@r5}
 u - a scroll of amnesia
 x - 4 scrolls of remove curse {@r2}
Potions
 d - a potion of mutation
 o - 3 potions of lignification
 p - 2 potions of berserk rage
 q - a potion of ambrosia
 r - a potion of cancellation {unknown}
 t - 3 potions of curing {unknown}
 z - a potion of might {@q3}
Comestibles
 b - 12 rations


   Skills:
 + Level 6.5 Fighting
 - Level 3.0 Polearms
 + Level 3.4 Dodging
 - Level 4.0 Shields


You had 6 spell levels left.
You didn't know any spells.
Your spell library was empty.

Dungeon Overview and Level Annotations

Branches:
Dungeon (5/15)
 Temple: D:4-7

Altars:
Cheibriados
Elyvilon
Wu Jian
Xom


Innate Abilities, Weirdness & Mutations

You cannot wear most types of armour.
You are very stealthy in the water. (Stealth+)
You are amphibious.
You can wear up to eight rings at the same time.
You can use your tentacles to constrict eight enemies at once.
Your skin changes colour to match your surroundings (Stealth+).
Your rubbery body absorbs attacks. (AC +1, EV +1)
Your body sometimes deteriorates upon taking damage.
Your magical capacity is low. (-10% MP)
You sometimes yell uncontrollably at your foes.
You are weak. (Str -2)


Message History

You hit the orc priest but do no damage.
You constrict the orc priest.
The orc priest hits you with a morningstar!
Your body deteriorates!
You feel dopey.
You hit the orc priest but do no damage.
You squeeze the orc priest.
You constrict the orc priest, but do no damage.
The orc priest invokes the aid of Beogh against you.
Beogh smites you!
* * * LOW HITPOINT WARNING * * *
The orc priest hits you but does no damage.
You hit the orc priest but do no damage.
You constrict the orc priest, but do no damage.
The orc priest hits you with a morningstar.
* * * LOW HITPOINT WARNING * * *
You hit the orc priest.
You constrict the orc priest, but do no damage.
The orc priest calls down the wrath of Beogh upon you.
Beogh smites you!
You die...

##### ### #...# #<#
#...# #.# #...# #.#
######@..############.#
....w)o.................
##################.#####
# #..#
....############)####
.o.............(.....
...[#############.### .
#..# ##.##


You could see a worm and an orc priest.

Vanquished Creatures
  A bullfrog (shapeshifter) (D:4)
  A scorpion (D:4)
  2 howler monkeys (D:4)
  A bullfrog skeleton (D:4)
  2 orc priests
  2 orc wizards (D:4)
  Terence (D:2)
  3 worker ants
  A worker ant zombie (D:5)
  4 adders
  An ooze (D:1)
  3 worms
  2 dart slugs
  3 leopard geckos
  13 orcs
  A ball python (D:2)
  4 giant cockroaches
  6 goblins
  5 hobgoblins
  6 jackals
  3 quokkas
  5 bats
  3 frilled lizards
  3 kobolds
  3 leopard gecko skeletons
  6 rats
85 creatures vanquished.

Notes
Turn   | Place    | Note
-------+----------+-------------------------------------------
     0 | D:1      | fullmetaloctopus the Octopode Chaos Knight began the quest
                  | for the Orb.
     0 | D:1      | Reached XP level 1. HP: 16/16 MP: 1/1
     8 | D:1      | XOM: potion effect (haste)
    60 | D:1      | Reached XP level 2. HP: 21/21 MP: 2/2
   410 | D:1      | XOM: harmless Fire miscast
   579 | D:1      | Reached skill level 4 in Fighting
   887 | D:1      | Reached XP level 3. HP: 22/27 MP: 3/3
   923 | D:1      | XOM: mild Necr miscast
  1216 | D:2      | XOM: harmless Necr miscast
  1220 | D:2      | XOM: harmless Ice miscast
  1236 | D:2      | Noticed Terence
  1286 | D:2      | Found a shimmering altar of Xom.
  1541 | D:2      | Found a faded altar of an unknown god.
  1617 | D:2      | XOM: silly message
  2032 | D:3      | XOM: harmless Chrm miscast
  2052 | D:3      | XOM: god gift: 9 sling bullets
  2101 | D:3      | Found an ornate altar of the Wu Jian Council.
  2122 | D:3      | XOM: medium Tmut miscast
  2145 | D:3      | Reached skill level 1 in Shields
  2145 | D:3      | Reached XP level 4. HP: 31/34 MP: 4/4
  2192 | D:3      | Gained mutation: Your magical capacity is low. (-10% MP)
                  | [mutagenic glow]
  2221 | D:3      | Found a white marble altar of Elyvilon.
  2480 | D:3      | XOM: give mutations
  2480 | D:3      | Gained mutation: You occasionally shout uncontrollably at
                  | your foes. [Xom's mischief]
  2480 | D:3      | Gained mutation: You are weak. (Str -2) [Xom's mischief]
  2687 | D:4      | XOM: polymorph iguana -> scorpion
  2690 | D:4      | XOM: confuse monster(s)
  2694 | D:4      | Reached XP level 5. HP: 33/38 MP: 4/4
  2763 | D:4      | Reached skill level 5 in Fighting
  2772 | D:4      | XOM: noise
  2781 | D:4      | XOM: god gift: trident {god gift}
  2857 | D:4      | XOM: give mutations
  2857 | D:4      | Gained mutation: Your body sometimes deteriorates upon
                  | taking damage. [Xom's mischief]
  2857 | D:4      | Gained mutation: You sometimes yell uncontrollably at your
                  | foes. [Xom's mischief]
  2879 | D:5      | Entered Level 5 of the Dungeon
  2979 | D:4      | XOM: noise
  3025 | D:4      | Reached XP level 6. HP: 39/45 MP: 5/5
  3152 | D:4      | XOM: medium Hex miscast
  3446 | D:4      | Found a snail-covered altar of Cheibriados.
  3699 | D:4      | XOM: noise
  3849 | D:4      | Reached skill level 6 in Fighting
  3977 | D:4      | Reached XP level 7. HP: 52/52 MP: 6/6
  4298 | D:3      | You fall through a shaft for 2 floors!
  4382 | D:2      | Killed Terence
  4964 | D:5      | Killed from afar by an orc priest

Skill      XL: |  1  2  3  4  5  6  7 |
---------------+----------------------+-----
Fighting       | 4 5 6 |  6.5
Shields        | 1 2 3 4 |  4.0
Dodging        | 3 |  3.4
Polearms       | |  3.0

Action                   |  1- 3 |  4- 6 |  7- 9 || total
-------------------------+-------+-------+-------++-------
Melee: Spear             |    92 |   103 |    12 ||   207
       Constrict         |    16 |    27 |     8 ||    51
       Tentacles         |     8 |    17 |     7 ||    32
       Short sword       |       |       |    24 ||    24
Throw: Tomahawk          |       |       |     2 ||     2
  Use: Scroll            |     5 |     2 |     2 ||     9
 Stab: Sleeping          |     8 |     4 |       ||    12
       Paralysed         |     1 |       |       ||     1
       Confused          |       |     1 |       ||     1
  Eat: Chunk             |     4 |     5 |     3 ||    12
Armor: Skin              |     2 |     3 |     1 ||     6
Dodge: Dodged            |    30 |    30 |    11 ||    71
Block: Buckler           |     2 |     9 |    10 ||    21
